 Dungeon Crawl Stone Soup version 0.30-a0-457-g4b7bca3bfa (webtiles) character file.

Game seed: 15337134469142563791

27 porpoise the Chopper (level 3, 0/33 HPs)
             Began as a Hill Orc Monk on Dec 13, 2022.
             Slain by a ball python (1 damage)
             ... on level 2 of the Dungeon.
             The game lasted 00:03:03 (994 turns).

porpoise the Chopper (Hill Orc Monk)                 Turns: 994, Time: 00:03:03

Health: 0/33       AC:  3    Str: 15    XL:     3   Next: 10%
Magic:  3/3        EV: 12    Int: 10    God:
Gold:   57         SH:  0    Dex: 13    Spells: 2/2 levels left

rFire   . . .      SeeInvis .    a - +0 hand axe
rCold   . . .      Faith    .    (no shield)
rNeg    . . .      Spirit   .    d - +0 leather armour
rPois   .          Reflect  .    (no helmet)
rElec   .          Harm     .    (no cloak)
rCorr   .          Rampage  .    (no gloves)
Will    .....                    (no boots)
Stlth   ++........               (no amulet)
HPRegen 0.25/turn                (no ring)
MPRegen 0.08/turn                (no ring)

@: no status effects
A: no striking features
a: no special abilities


You were on level 2 of the Dungeon.
You visited 1 branch of the dungeon, and saw 2 of its levels.

You collected 57 gold pieces.

Inventory:

Hand Weapons
 a - a +0 hand axe (weapon)
Armour
 d - a +0 leather armour (worn)
Jewellery
 e - an amulet of faith
 g - a +6 ring of intelligence
Scrolls
 f - a scroll of enchant armour {unknown}
 i - a scroll of identify {unknown}
Potions
 b - a potion of flight {unknown}
 c - a potion of ambrosia
 h - a potion of heal wounds {unknown}


   Skills:
 + Level 4.1 Fighting
 * Level 5.1 Axes
 - Level 2.4 Dodging
 - Level 1.5 Stealth


You had 2 spell levels left.
You didn't know any spells.
Your spell library contained the following spells:

 Spells                   Type           Power      Damage    Failure   Level
 Magic Dart               Conj           0%         1d3       43%         1
 Call Imp                 Summ           0%         N/A       56%         2
 Mephitic Cloud           Conj/Pois/Air  0%         N/A       80%         3


Dungeon Overview and Level Annotations

Branches:
Dungeon (2/15)

Altars:


Message History

The quokka is moderately wounded.
You hit the gnoll. The quokka barely misses you.
The gnoll hits you with a +0 club. The quokka misses you.
You hit the gnoll but do no damage.
The gnoll is moderately wounded.
You hit the quokka but do no damage. The gnoll hits you with a +0 club!
The quokka closely misses you.
You barely miss the gnoll.
The gnoll is moderately wounded.
You hit the quokka but do no damage. The gnoll hits you with a +0 club.
The quokka closely misses you.
You hit the gnoll.
The gnoll is moderately wounded.
You barely miss the gnoll. You completely miss the quokka.
The quokka barely misses you. The gnoll hits you with a +0 club.
The quokka attacks as you move away!
The quokka bites you but does no damage.
The quokka attacks as you move away! The quokka misses you.
The gnoll attacks as you move away! The gnoll hits you with a +0 club.
The quokka bites you but does no damage.
The quokka attacks as you move away! The quokka barely misses you.
The gnoll attacks as you move away! The gnoll hits you with a +0 club.
* * * LOW HITPOINT WARNING * * *
The ball python hisses angrily.
The ball python completely misses you. The ball python barely misses you.
The quokka attacks as you move away! The quokka bites you.
* * * LOW HITPOINT WARNING * * *
The ball python closely misses you. The ball python grabs you.
The ball python constricts you.
The ball python bites you but does no damage.
The ball python constricts you.
You escape the ball python's grasp.
The gnoll attacks as you move away! The gnoll hits you with a +0 club.
* * * LOW HITPOINT WARNING * * *
The quokka attacks as you move away! The quokka barely misses you.
The quokka bites you.
* * * LOW HITPOINT WARNING * * *
The ball python attacks as you move away!
The ball python bites you.
You die...

#.######## ### #.# #<# #.# #..#
#.# #.# #..# #.# #.# #..# #
##.####.# #..#.###
...#.....#.##### #......
................>######.##.####.
........##.###..@S..g...........
.....##.##.#<....rg.g...........
..... #.##.#.....######.#.####.#
.... #.##.#.#+#.# #..... ....
....... ... ###.### +## #.##.#.
..... .# .... ....... .#
#..#........ ## #........


You could see 3 gnolls, a quokka and a ball python.

Vanquished Creatures
  A dart slug (D:1)
  2 ball pythons (D:1)
  A giant cockroach (D:2)
  4 goblins (D:1)
  5 hobgoblins
  2 kobolds (D:1)
  2 quokkas (D:1)
  2 bats (D:1)
  2 frilled lizards (D:1)
  A rat (D:1)
22 creatures vanquished.

Notes
Turn   | Place    | Note
-------+----------+-------------------------------------------
     0 | D:1      | porpoise the Hill Orc Monk began the quest for the Orb.
     0 | D:1      | Reached XP level 1. HP: 19/19 MP: 1/1
   204 | D:1      | Reached XP level 2. HP: 27/27 MP: 2/2
   663 | D:1      | Reached skill level 5 in Axes
   677 | D:1      | Reached XP level 3. HP: 33/33 MP: 3/3
   992 | D:2      | HP: 1/33 [quokka (1)]
   994 | D:2      | Slain by a ball python

Illustrated notes

Levels and vault maps discovered:
D:1:      minmay_arrival_shattered_statue, layout_basic, serial_corexii_hall,
          chequers_hall_statues_wall_a, chequers_hall_statues_y
D:2:      layout_basic

Skill      XL: |  1  2 |
---------------+-------+-----
Fighting       | 4 |  4.1
Axes           | 5 |  5.1
Dodging        | |  2.4
Stealth        | |  1.5

Action                   || total
-------------------------++-------
Melee: Hand axe          ||    71
       Punch             ||     1
 Stab: Sleeping          ||     1
Armor: Leather armour    ||    13
Dodge: Dodged            ||    36

Table legend: (Time is in decaauts)
 A = Elapsed time spent in this place.
 B = Non-inter-level travel time spent in this place.
 C = Inter-level travel time spent in this place.
 D = Time resting spent in this place.
 E = Time spent auto-exploring this place.
 F = Levels seen in this place.
 G = Mean time per level.
                   A        B        C        D        E       F      G
               +--------+--------+--------+--------+--------+-----+--------+
         Total |    998 |    965 |     33 |     77 |    626 |   2 |  499.0 |
       Dungeon |    998 |    965 |     33 |     77 |    626 |   2 |  499.0 |
               +--------+--------+--------+--------+--------+-----+--------+

Top non-repeatable levels by time:
     D:1: 929 daAuts
     D:2: 69 daAuts
